 Dungeon Crawl Stone Soup version 0.30.0-15-g856e2d3f33 (webtiles) character file.

Game seed: 15910494249229455395

75 qw the Chopper (level 4, -1/28 HPs)
             Began as a Gargoyle Fighter on May 20, 2023.
             Slain by a gnoll
             ... wielding a +0 halberd
              (9 damage)
             ... on level 2 of the Dungeon.
             The game lasted 00:00:41 (1313 turns).

qw the Chopper (Gargoyle Fighter)                   Turns: 1313, Time: 00:00:41

Health: -1/28      AC: 10    Str: 21    XL:     4   Next: 31%
Magic:  4/4        EV:  9    Int:  9    God:
Gold:   36         SH:  4    Dex:  9    Spells: 3/3 levels left

rFire   . . .        Y - +1 war axe
rCold   . . .        c - +0 buckler
rNeg    + . .        b - +0 scale mail
rPois   inf          (no helmet)
rElec   +            (no cloak)
rCorr   .            (no gloves)
SInv    .            (no boots)
Will    .....        (no amulet) Stlth
                     (no ring)
HPRegen 0.24/turn    (no ring)
MPRegen 0.09/turn

%: no passive effects
@: no status effects
A: sickness immunity, AC +3, negative energy resistance 1, electricity
resistance, torment resistance 1, petrification resistance
a: no special abilities


You were on level 2 of the Dungeon.
You visited 1 branch of the dungeon, and saw 2 of its levels.

You collected 36 gold pieces.


Innate Abilities, Weirdness & Mutations

You are immune to sickness and miasma.
Your stone body is resilient. (AC +3)
You are immune to poison.
You resist negative energy. (rN+)
You are resistant to electric shocks. (rElec)
You are resistant to unholy torment.
You are immune to petrification.


   Skills:
 - Level 3.2 Fighting
 + Level 3.8 Axes
 - Level 1.0 Throwing
 - Level 3.2 Armour
 - Level 3.2 Shields


You had 3 spell levels left.
You didn't know any spells.
Your spell library was empty.

Inventory:

Hand Weapons
 a - a +0 vampiric whip
 Y - a +1 war axe (weapon)
Missiles
 k - a javelin (quivered)
Armour
 b - a +0 scale mail (worn)
 c - a +0 buckler (worn)
 j - a +0 chain mail
Scrolls
 e - a scroll of poison {unknown}
 g - 2 scrolls of identify {unknown}
 i - a scroll of noise {unknown}
Potions
 d - a potion of might
 h - a potion of attraction {unknown}
 l - a potion of heal wounds {unknown}

Dungeon Overview and Level Annotations

Branches:
Dungeon (2/15)

Altars:

Shops:
D:1 *


Message History

You throw a javelin. The javelin pierces through the gnoll.
The gnoll is severely wounded.
You barely miss the gnoll.
The gnoll is severely wounded.
The gnoll completely misses you.
You hit the gnoll.
You kill the gnoll!
A gnoll comes into view. It is wielding a +0 great sword.
Things that are here:
a +0 flail; 13 gold pieces; a gnoll corpse The gnoll throws a stone.
The stone hits you but does no damage.
Found a stone staircase leading down.
The gnoll throws a stone.
The stone hits you but does no damage. You block the gnoll's attack.
You barely miss the gnoll.
The gnoll hits you with a +0 great sword! x2
Ouch! That really hurt!
1249 ||| READING scroll of teleportation.
As you read the scroll of teleportation, it crumbles to dust.
You feel strangely unstable. You block the gnoll's attack.
A gnoll comes into view. It is wielding a +0 halberd.
The gnoll shouts!
You hit the gnoll.
The gnoll is lightly wounded.
You block the gnoll's attack.
You hit the gnoll.
The gnoll is heavily wounded.
Your surroundings suddenly seem different.
You start resting.
A gnoll is nearby!
The gnoll completely misses you. The gnoll barely misses you.
You closely miss the gnoll. The gnoll hits you with a +0 halberd!
The gnoll barely misses you.
You barely miss the gnoll. The gnoll closely misses you.
You closely miss the gnoll. The gnoll hits you with a +0 halberd!
You die...

#.#.# .#
..#.# ...
.##.# ..
.##.# ..##
....# ..#
#####
########.###
...........##
..........g.#
.........@#
###########
.... ... #...
#. . #. # ##
#.## .. #..#
#g #..


You could see a gnoll.

Vanquished Creatures
  A gnoll (D:2)
  An adder (D:2)
  A worm (D:2)
  A dart slug (D:1)
  9 ball pythons
  3 bats
  4 endoplasms
  2 giant cockroaches
  3 goblins
  3 hobgoblins
  4 jackals (D:1)
  5 quokkas
  3 frilled lizards (D:2)
  5 kobolds
45 creatures vanquished.

Notes
Turn   | Place    | Note
-------+----------+-------------------------------------------
     0 | D:1      | qw the Gargoyle Fighter began the quest for the Orb.
     0 | D:1      | Reached XP level 1. HP: 14/14 MP: 1/1
     0 | D:1      | 0 ||| qw: Version: 0.2-a-97-g499787f
     0 | D:1      | 0 ||| qw: Game counter: 38
     0 | D:1      | 0 ||| qw: Always use a shield: true
     0 | D:1      | 0 ||| qw: God list: Okawaru
     0 | D:1      | 0 ||| qw: Allow faded altars: false
     0 | D:1      | 0 ||| qw: Do Orc after D:15 true
     0 | D:1      | 0 ||| qw: Do second Lair branch before Depths: true
     0 | D:1      | 0 ||| qw: Lair rune preference: random
     0 | D:1      | 0 ||| qw: Plans: Normal, Zot:1-4, God:TSO, Crypt, Tomb,
                  | Pan, Slime:5, Hells, Abyss, Win
     0 | D:1      | 0 ||| PLANNING D:1-11
    59 | D:1      | 59 ||| Stepping ~*~*~tactically~*~*~ (stealth).
    73 | D:1      | Reached XP level 2. HP: 19/19 MP: 2/2
    80 | D:1      | 80 ||| Stepping ~*~*~tactically~*~*~ (stealth).
   121 | D:1      | 121 ||| Stepping ~*~*~tactically~*~*~ (stealth).
   123 | D:1      | 123 ||| Stepping ~*~*~tactically~*~*~ (stealth).
   235 | D:1      | 235 ||| Stepping ~*~*~tactically~*~*~ (hiding).
   239 | D:1      | 239 ||| Stepping ~*~*~tactically~*~*~ (hiding).
   247 | D:1      | Reached skill level 3 in Axes
   268 | D:1      | Reached XP level 3. HP: 23/23 MP: 3/3
   296 | D:1      | Found a faded altar of an unknown god.
   755 | D:1      | Found Ecuxoce's General Store.
   760 | D:1      | 760 ||| SHOPLISTING +0 helmet (63 gold, have 36).
   760 | D:1      | 760 ||| SHOPLISTING scroll of enchant weapon (105 gold,
                  | have 36).
   860 | D:1      | 860 ||| READING scroll labelled MEAVVO BEYN.
   861 | D:1      | 861 ||| READING scroll labelled LOGIERGH GODGHA.
   862 | D:1      | 862 ||| READING scroll labelled LAPAYG EKHAVEOFEC.
   865 | D:1      | 865 ||| READING scroll labelled SUHIAQ ZUHI.
   913 | D:2      | Reached skill level 1 in Throwing
   926 | D:2      | 926 ||| DROPPING +0 flail.
  1002 | D:2      | 1002 ||| Stepping ~*~*~tactically~*~*~ (stealth).
  1014 | D:2      | Reached XP level 4. HP: 28/28 MP: 4/4
  1087 | D:2      | 1087 ||| Stepping ~*~*~tactically~*~*~ (stealth).
  1092 | D:2      | 1092 ||| Stepping ~*~*~tactically~*~*~ (stealth).
  1134 | D:2      | 1134 ||| Stepping ~*~*~tactically~*~*~ (hiding).
  1137 | D:2      | 1137 ||| Stepping ~*~*~tactically~*~*~ (hiding).
  1248 | D:2      | HP: 2/28 [gnoll/+0 great sword (16)]
  1249 | D:2      | 1249 ||| READING scroll of teleportation.
  1311 | D:2      | HP: 7/28 [gnoll/+0 halberd (10)]
  1313 | D:2      | Slain by a gnoll

Levels and vault maps discovered:
D:1:      dpeg_arrival_concentric_ovals, layout_basic, serial_shops, shop,
          dilly_ecumenical_altar_fadedgnrine
D:2:      layout_basic, minmay_tromino_i4

Skill      XL: |  1  2  3 |
---------------+----------+-----
Axes           | 2 3 |  3.8
Throwing       | 1 |  1.0
Fighting       | |  3.2
Armour         | |  3.2
Shields        | |  3.2

Action                     |  1- 3 |  4- 6 || total
---------------------------+-------+-------++-------
  Melee: War axe           |    87 |    17 ||   104
  Throw: Javelin           |    11 |     8 ||    19
    Use: Scroll            |     4 |     1 ||     5
 Armour: Scale mail        |    43 |     3 ||    46
  Dodge: Dodged            |    51 |     9 ||    60
  Block: Buckler           |    17 |     5 ||    22

Table legend:
 A = Non-vault XP
 B = Vault XP
 C = Vault XP percentage of total XP
 D = Non-vault monster count
 E = Vault monster count
 F = Vault count percentage of total count
                 A         B        C        D         E       F
            +---------+---------+-------+---------+---------+-------
      Total |     104 |       4 |   3.7 |      42 |       3 |   6.7
            +---------+---------+-------+---------+---------+-------
        D:1 |      45 |       0 |   0.0 |      24 |       0 |   0.0
        D:2 |      59 |       4 |   6.3 |      18 |       3 |  14.3
            +---------+---------+-------+---------+---------+-------
